 Dungeon Crawl Stone Soup version 0.20.1-1-g8b1a95d (console) character file.

548 hilaritas the Gusty (level 7, 0/50 HPs)
             Began as a Green Draconian Air Elementalist on Sept 23, 2017.
             Was an Initiate of Sif Muna.
             Slain by an ogre
             ... wielding a +0 giant club
              (1 damage)
             ... on level 5 of the Dungeon.
             The game lasted 00:16:37 (5686 turns).

hilaritas the Gusty (DrAE)                          Turns: 5686, Time: 00:16:38

Health: 0/50       AC:  0    Str: 10    XL:     7   Next: 7%
Magic:  14/14      EV: 19    Int: 17    God:    Sif Muna [......]
Gold:   169        SH:  0    Dex: 17    Spells: 0/15 levels left

rFire    . . .     SeeInvis .   (weapon currently unavailable)
rCold    . . .     Gourm    .   (shield currently unavailable)
rNeg     . . .     Faith    .   (armour unavailable)
rPois    .         Spirit   .   (helmet currently unavailable)
rElec    .         Reflect  .   (cloak currently unavailable)
rCorr    .         Harm     .   (gloves currently unavailable)
MR       .....                  (boots currently unavailable)
Stlth    ++........             (no amulet)
Regen    0.2/turn               (ring currently unavailable)
MPRegen  0.2/turn               (ring currently unavailable)

@: bat-form, flying, very quick
A: (breathe noxious fumes), unfitting armour, AC +6
a: Renounce Religion


You were on level 5 of the Dungeon.
You worshipped Sif Muna.
Sif Muna was noncommittal.
You were not hungry.
You were in bat-form.
You visited 1 branch of the dungeon, and saw 5 of its levels.

You collected 169 gold pieces.

Inventory:

Hand Weapons
 c - a +0 spear
 w - a +4 vampiric dagger (melded)
Missiles
 m - 35 arrows
Armour
 e - a +0 pair of gloves (melded)
 r - a +0 pair of boots (melded)
Jewellery
 n - a +3 ring of evasion (melded)
Wands
 h - a wand of lightning (9/15)
Scrolls
 g - a scroll of recharging
 k - 5 scrolls of identify
 l - a scroll of teleportation
Potions
 d - 2 potions of might
 j - a potion of magic
 o - 2 potions of curing {unknown}
 p - a potion of heal wounds {unknown}
 s - a potion of agility {unknown}
 t - 3 potions of lignification
Books
 a - a book of Air

   Spells                             Type                      Level
   a - Shock                          Conjuration/Air              1
   b - Swiftness                      Charms/Air                   2
   c - Static Discharge               Conjuration/Air              3
   d - Airstrike                      Air                          4
   e - Lightning Bolt                 Conjuration/Air              5
Comestibles
 b - 2 bread rations
 f - a royal jelly
 i - 8 fruits
 q - a meat ration
 u - a chunk of flesh


   Skills:
 - Level 1.7 Dodging
 - Level 1.7 Stealth
 * Level 4.8 Spellcasting
 - Level 2.4 Conjurations
 - Level 5.0 Air Magic
 * Level 3.2 Invocations


You couldn't memorise any spells.
You knew the following spells:

 Your Spells              Type           Power        Failure   Level  Hunger
a - Shock                 Conj/Air       ###.         3%          1    None
b - Swiftness             Chrm/Air       ##......     8%          2    #......
c - Static Discharge      Conj/Air       ###.....     10%         3    ###....
d - Lightning Bolt        Conj/Air       ###.......   65%         5    ######.
e - Airstrike             Air            ###.......   19%         4    ####...


Dungeon Overview and Level Annotations

Branches:
Dungeon (5/15)
 Temple: D:4-7

Altars:
Dithmenos
Kikubaaqudgha
Nemelex Xobeh
Sif Muna
Yredelemnul
The Shining One

Annotations:
D:5 Sigmund


Innate Abilities, Weirdness & Mutations

((You can breathe blasts of noxious fumes.))
((Your lurid green scales are hard. (AC +6)))
You cannot fit into any form of body armour.
((Your system is resistant to poisons. (rPois)))
((You are cold-blooded and may be slowed by cold attacks.))


Message History

Sigmund completely misses you.
You hit the ogre but do no damage.
The ogre is heavily wounded.
The ogre hits you with a giant club!!
You hit the ogre.
The ogre is heavily wounded.
You hit the ogre but do no damage.
The ogre is heavily wounded.
The ogre barely misses you.
Sigmund hits you from afar with a scythe.
You barely miss the ogre.
The ogre is heavily wounded.
The ogre hits you with a giant club!!
Ouch! That really hurt!
* * * LOW HITPOINT WARNING * * *
Sigmund hits you from afar with a scythe.
* * * LOW HITPOINT WARNING * * *
It was a potion of lignification.
You feel woody for a moment. The ogre hits you with a giant club.
You die...

###### #.... .
##...## ...
#.....###.....
#.....@....... ..
#....O###..... # #.
##...b#### ...
#.#.# #.........(..
.
#.#.###..#.########
#..........#
###.##.....##
#.........# #
#..#.........
....###..##......##
.........###......#
....####.# .......
.. #<# #.....#


You could see Sigmund and an ogre.

Vanquished Creatures
  2 ogres (D:4)
  2 orc wizards (D:4)
  A bullfrog skeleton (D:4)
  An iguana (D:4)
  3 worker ants
  A hound skeleton (D:4)
  A gnoll (D:1)
  7 adders
  A shadow imp (D:4)
  An ooze (D:1)
  An adder skeleton (D:4)
  A worm (D:2)
  4 dart slugs
  3 leopard geckos
  3 orcs
  3 ball pythons
  4 giant cockroaches
  4 goblins
  15 hobgoblins
  5 jackals
  A quokka (D:2)
  10 bats
  7 frilled lizards
  8 kobolds
  A quokka skeleton (D:4)
  8 rats
98 creatures vanquished.

Vanquished Creatures (others)
  An adder (D:2)
1 creature vanquished.

Grand Total: 99 creatures vanquished

Notes
Turn   | Place    | Note
-------+----------+-------------------------------------------
     0 | D:1      | hilaritas the Draconian Air Elementalist began the quest for the Orb.
     0 | D:1      | Reached XP level 1. HP: 14/14 MP: 3/3
   148 | D:1      | Reached XP level 2. HP: 17/20 MP: 0/5
   215 | D:1      | Learned a level 2 spell: Swiftness
  1070 | D:1      | Reached XP level 3. HP: 26/26 MP: 2/6
  1264 | D:1      | Reached skill level 4 in Air Magic
  1925 | D:2      | Learned a level 3 spell: Static Discharge
  2285 | D:2      | Reached XP level 4. HP: 32/33 MP: 0/7
  2410 | D:2      | Found a glowing golden altar of the Shining One.
  2717 | D:2      | Found an ancient bone altar of Kikubaaqudgha.
  2818 | D:2      | Found a basalt altar of Yredelemnul.
  2932 | D:2      | Found a deep blue altar of Sif Muna.
  2938 | D:2      | Became a worshipper of Sif Muna the Loreminder
  2959 | D:2      | Noticed an angel
  3628 | D:3      | Reached skill level 1 in Invocations
  3787 | D:3      | Reached XP level 5. HP: 38/38 MP: 2/8
  3880 | D:3      | Reached skill level 5 in Air Magic
  4228 | D:4      | Noticed an ogre
  4250 | D:4      | Killed an ogre
  4250 | D:4      | Reached XP level 6. HP: 30/45 MP: 0/10
  4257 | D:4      | Learned a level 5 spell: Lightning Bolt
  5140 | D:4      | Found a shadowy altar of Dithmenos.
  5145 | D:4      | Your scales start taking on a lurid green colour.
  5145 | D:4      | Reached XP level 7. HP: 50/50 MP: 9/14
  5145 | D:4      | Gained mutation: Your system is resistant to poisons. (rPois) [Green Draconian growth]
  5226 | D:4      | Found a sparkling altar of Nemelex Xobeh.
  5441 | D:5      | Entered Level 5 of the Dungeon
  5597 | D:5      | Learned a level 4 spell: Airstrike
  5661 | D:5      | Noticed Sigmund
  5685 | D:5      | HP: 2/50 [ogre/giant club (25)]
  5686 | D:5      | Slain by an ogre

Skill      XL: |  1  2  3  4  5  6 |
---------------+-------------------+-----
Conjurations   | 2 |  2.4
Air Magic      | 4 5 |  5.0
Invocations    | 1 2 3 |  3.2
Spellcasting   | 3 4 |  4.8
Dodging        | |  1.7
Stealth        | |  1.7

Action                   |  1- 3 |  4- 6 |  7- 9 || total
-------------------------+-------+-------+-------++-------
Melee: Unarmed           |    19 |       |    12 ||    31
       Tailslap          |     6 |     3 |       ||     9
       Club              |     5 |       |       ||     5
       Spear             |    13 |    21 |       ||    34
       Dagger            |       |     8 |     1 ||     9
 Cast: Shock             |    80 |   165 |    13 ||   258
  Use: Potion            |     1 |       |     1 ||     2
       Scroll            |       |    11 |       ||    11
  Eat: Chunk             |     6 |    10 |     2 ||    18
       Bread ration      |       |     1 |       ||     1
Armor: Skin              |    11 |    25 |     1 ||    37
Dodge: Dodged            |    46 |    52 |    18 ||   116
